Map: Automaton LE

Players

Smileblind

  • Race: Protoss Protoss
  • League: Silver
  • Spawn Location: 9:00

FreezerBurn - Winner!

  • Race: Terran Terran
  • League: Silver
  • Spawn Location: 3:00

VOD

Have the link to the VOD?

Description

Time

  • Played on: Jan. 16, 2019, 6:08 a.m.
  • Length: 19:03
Show
View Real Time Build Order
Export as new Build Order

Smileblind Protoss 

Build Orders:  

Get SALT Encoding   

  12  0:02  Probe  
  13  0:20  Probe  
  14  0:21  Pylon  
  14  0:32  Probe  
  15  0:44  Probe  
  15  0:49  Forge  
  16  0:55  Pylon  
  16  1:06  Assimilator  
  15  1:26  Gateway  
  15  1:49  Probe  
  15  1:53  Assimilator  
  16  1:56  Assimilator  
  16  2:01  Probe  
  16  2:02  Photon Cannon  
  17  2:15  Photon Cannon  
  17  2:16  Photon Cannon  
  17  2:24  Pylon  
  17  2:27  Cybernetics Core  
  17  2:30  Probe  
  18  2:39  Probe  
  19  2:47  Probe  
  19  2:50  Zealot  
  22  2:57  Probe  
  22  3:04  Warp Gate  
  23  3:08  Shield Battery  
  23  3:17  Shield Battery  
  22  3:40  Probe  
  23  3:43  Stalker  
  25  3:52  Probe  
  25  3:54  Gateway  
  26  4:04  Shield Battery  
  26  4:10  Adept  
  28  4:35  Shield Battery  
  28  4:36  Shield Battery  
  28  4:37  Adept  
  28  4:40  Adept, Pylon  
  32  4:58  Robotics Facility  
  32  5:27  Stalker x2  
  36  5:35  Photon Cannon  
  34  5:40  Shield Battery  
  34  5:47  Twilight Council  
  34  6:04  Pylon  
  34  6:16  Photon Cannon  
  34  6:17  Photon Cannon  
  38  6:42  Pylon  
  38  6:58  Pylon  
  34  7:03  Shield Battery  
  34  7:08  Gateway  
  34  7:20  Shield Battery  
  29  7:51  Sentry  
  29  7:54  Nexus  
  29  7:57  Pylon  
  31  7:59  Pylon  
  31  8:02  Pylon  
  31  8:11  Twilight Council  
  31  8:16  Probe  
  32  8:22  Pylon  
  32  8:27  Pylon  
  32  8:28  Zealot  
  34  8:50  Shield Battery  
  34  8:51  Shield Battery  
  34  8:57  Gateway  
  34  9:03  Charge  
  34  9:10  Dark Shrine  
  34  9:29  Gateway  
  34  9:30  Probe x2  
  36  9:44  Shield Battery  
  36  9:46  Probe  
  37  9:58  Probe  
  38  10:02  Zealot  
  38  10:05  Zealot  
  42  10:08  Probe  
  43  10:16  Probe  
  39  10:24  Stalker  
  39  10:28  Probe  
  32  10:40  Probe  
  33  10:51  Probe  
  33  10:52  Probe  
  35  11:04  Dark Templar, Probe  
  38  11:14  Dark Templar  
  38  11:15  Probe  
  41  11:23  Probe  
  42  11:35  Stargate  
  38  11:41  Stalker  
  36  11:53  Probe  
  37  12:02  Probe  
  37  12:05  Probe  
  37  12:06  Pylon  
  39  12:14  Probe  
  40  12:27  Probe  
  37  12:46  Dark Templar  
  37  12:47  Dark Templar x2  
  43  12:54  Void Ray  
  43  12:56  Probe  
  47  13:04  Probe  
  48  13:12  Assimilator  
  49  13:14  Probe  
  49  13:18  Photon Cannon  
  50  13:22  Assimilator  
  50  13:26  Probe  
  51  13:28  Shield Battery  
  55  13:44  Dark Templar x3  
  57  13:54  Protoss Air Weapons Level 1  
  36  14:18  Zealot  
  32  14:55  Pylon  
  26  15:23  Gateway x2  
  26  15:26  Blink  
  26  15:34  Shield Battery  
  26  15:42  Shield Battery  
  20  16:20  Stalker  
  20  16:21  Stalker  
  24  16:28  Gateway  
  24  16:38  Shield Battery  
  24  16:42  Shield Battery  
  24  16:47  Stalker  
  24  16:48  Stalker  
  24  16:50  Shield Battery  
  28  17:13  Sentry  
  30  17:25  Stalker  
  22  18:32  Zealot  
  22  18:54  Zealot  
Show
View Real Time Build Order
Export as new Build Order

FreezerBurn Terran - Winner!

Build Orders:  

Get SALT Encoding   

  12  0:01  SCV  
  13  0:21  Supply Depot  
  13  0:22  SCV  
  14  0:29  Refinery  
  14  0:34  SCV  
  15  0:48  Barracks  
  15  0:49  SCV  
  16  1:01  SCV  
  17  1:22  Supply Depot  
  17  1:27  SCV  
  18  1:39  Reaper  
  19  1:41  Orbital Command  
  19  1:57  Barracks  
  19  2:09  Engineering Bay  
  19  2:17  SCV  
  20  2:24  Marine  
  21  2:36  SCV  
  22  2:37  Terran Infantry Weapons Level 1  
  22  2:44  Factory  
  22  3:15  Bunker  
  22  3:17  SCV  
  23  3:42  SCV, Marine x2  
  23  3:47  Factory Tech Lab  
  23  3:48  Supply Depot  
  26  3:50  Supply Depot x2  
  26  3:53  Supply Depot  
  26  3:54  Refinery  
  26  4:10  Barracks Reactor  
  26  4:13  Barracks Tech Lab  
  26  4:26  Siege Tank  
  29  4:33  SCV  
  30  4:49  Marine x3  
  33  4:53  SCV  
  33  4:58  Siege Tank  
  37  5:05  SCV  
  38  5:08  Marauder  
  39  5:29  Marauder  
  41  5:46  Marine  
  41  5:47  Marine  
  41  5:49  Siege Tank  
  46  5:51  Marauder  
  48  6:04  Marine x2  
  48  6:08  Terran Infantry Armor Level 1  
  50  6:11  Starport  
  50  6:12  Marauder  
  52  6:30  Marine  
  52  6:31  Marine  
  54  6:33  Marauder  
  56  6:42  Supply Depot  
  56  6:44  Supply Depot  
  56  6:47  Supply Depot  
  56  6:48  Marine  
  56  6:49  Marine  
  56  6:52  Starport Tech Lab  
  58  6:55  Marauder  
  60  7:06  Command Center  
  60  7:16  Marauder  
  60  7:38  Marauder  
  62  7:59  Marine  
  62  8:00  Marine x2  
  65  8:11  Liberator  
  65  8:18  Marauder  
  67  8:31  Marine x2  
  72  8:40  Marauder  
  74  8:54  Marine x2  
  76  8:58  Stimpack  
  76  9:01  Marauder  
  78  9:08  Barracks  
  78  9:12  Marine x2  
  78  9:13  Barracks  
  80  9:22  Marauder  
  82  9:25  Medivac  
  82  9:30  Marine x2  
  86  9:37  Cloaking Field  
  86  9:44  Marauder  
  88  9:47  Marine  
  88  9:48  Marine  
  90  9:55  Medivac  
  92  10:01  Orbital Command  
  92  10:05  Marauder, Marine  
  92  10:06  Marine  
  96  10:23  Marine x2  
  96  10:26  Marauder  
  100  10:41  Marine  
  101  10:43  Medivac  
  101  10:47  SCV x2  
  105  11:10  Barracks Tech Lab, Barracks Reactor  
  105  11:12  Combat Shield  
  105  11:13  Medivac  
  107  11:19  Supply Depot  
  107  11:36  Marine x2  
  107  11:37  Marine  
  110  11:40  Marine  
  110  11:41  Supply Depot  
  111  11:53  Marine x2  
  113  11:55  Marauder  
  113  11:59  Marauder  
  107  12:32  Supply Depot  
  105  12:55  Marine x2  
  105  12:56  Supply Depot, Marine x3  
  110  13:03  Marine  
  111  13:07  SCV  
  111  13:08  SCV  
  113  13:13  Marine x2  
  113  13:14  Marauder, Marine  
  113  13:18  Supply Depot  
  118  13:22  Marauder  
  118  13:24  SCV x2  
  120  13:36  SCV, Marauder  
  123  13:43  Marauder  
  117  13:57  Marauder  
  117  13:58  Marine  
  117  13:59  Marine x3  
  119  14:03  Medivac  
  119  14:04  Marauder  
  116  14:16  Marine x2  
  104  14:18  Marauder  
  97  14:26  Marauder  
  76  14:42  Marine x2  
  76  14:43  Marine x3  
  74  14:47  Marauder  
  61  15:01  Marauder  
  63  15:08  Raven  
  63  15:09  Marauder  
  62  15:31  Marine x4  
  62  15:32  Marauder x2  
  60  15:54  Marauder x2  
  64  16:15  Marauder  
  65  16:36  Marine x2  
  65  16:37  Marine x4  
  71  16:52  Missile Turret  
  71  16:54  Marine  
  71  16:55  Marauder, Marine  
  75  17:14  Orbital Command  
  71  18:01  Marine x4  
  71  18:02  Marine  
  71  18:03  Marauder  
  71  18:05  Command Center  
Tags
 
Add a new tag
Caveats
  • Supply blocks, unpowered buildings, or Contaminate may cause inaccurate times.
  • Supply counts are checked every 10 seconds.